 Dungeon Crawl Stone Soup version 0.31-a0-365-gcf821cafb2 (webtiles) character file.

Game seed: 17529670116224559325

95 porpoise the Shooter (level 4, 0/28 HPs)
             Began as a Kobold Hunter on July 28, 2023.
             Slain by a gnoll
             ... wielding a +0 spear
             ... led by a gnoll bouda
              (6 damage)
             ... on level 2 of the Dungeon.
             The game lasted 00:02:27 (977 turns).

porpoise the Shooter (Kobold Hunter)                 Turns: 977, Time: 00:02:28

Health: 0/28       AC:  4    Str:  8    XL:     4   Next: 95%
Magic:  4/4        EV: 14    Int: 10    God:
Gold:   20         SH:  0    Dex: 20    Spells: 3/3 levels left

rFire   . . .        a - +0 shortbow
rCold   . . .        (shield currently unavailable)
rNeg    . . .        c - +0 leather armour
rPois   .            (no helmet)
rElec   .            (no cloak)
rCorr   .            (no gloves)
SInv    .            l - +0 pair of boots
Will    .....        (no amulet)
Stlth   +++          (no ring)
HPRegen 0.24/turn    (no ring)
MPRegen 0.09/turn

%: no passive effects
@: no status effects
A: small, no large weapons, nightstalker 3
a: no special abilities


You were on level 2 of the Dungeon.
You visited 1 branch of the dungeon, and saw 2 of its levels.

You collected 20 gold pieces.

Inventory:

Hand Weapons
 a - a +0 shortbow (weapon)
Missiles
 f - 10 boomerangs
Armour
 c - a +0 leather armour (worn)
 l - a +0 pair of boots (worn)
Jewellery
 d - a ring of protection from cold
Scrolls
 b - a scroll of butterflies
 h - a scroll of teleportation {unknown}
 k - a scroll of blinking {unknown}
Potions
 e - a potion of cancellation
 g - a potion of attraction
 i - a potion of brilliance
 j - a potion of berserk rage {unknown}


   Skills:
 + Level 3.4 Fighting
 * Level 7.1 Ranged Weapons
 - Level 2.4 Dodging
 - Level 1.3 Stealth


You had 3 spell levels left.
You didn't know any spells.
Your spell library contained the following spells:

 Spells                   Type           Power      Damage    Failure   Level
 Lesser Beckoning         Tloc           0%         N/A       63%         2
 Dazzling Flash           Conj/Hex       0%         N/A       86%         3
 Gell's Gravitas          Tloc           0%         N/A       86%         3
 Teleport Other           Tloc           0%         N/A       86%         3
 Volatile Blastmotes      Fire/Tloc      0%         2d10      86%         3
 Starburst                Conj/Fire      0%         6d3       100%        6
 Maxwell's Capacitive Co  Air            0%         ∞         100%        8


Dungeon Overview and Level Annotations

Branches:
Dungeon (2/15)

Altars:
Cheibriados


Innate Abilities, Weirdness & Mutations

You are small and have problems with some larger weapons.
You are completely attuned to the shadows.


Message History

You kill the gnoll!
Unknown command.
Fire: a) +0 shortbow
Press: ? - help, Q - select action, (/) - cycle Shift-Dir - straight line, f - gnoll
Aim: a gnoll, wielding a +0 spear and quivering a throwing net (heavily wounded, 69% to hit)
You shoot an arrow. The arrow closely misses the gnoll.
The gnoll barely misses you.
Fire: a) +0 shortbow
Press: ? - help, Q - select action, (/) - cycle Shift-Dir - straight line, f/p - gnoll
Aim: a gnoll, wielding a +0 spear and quivering a throwing net (heavily wounded, 69% to hit)
You shoot an arrow.
The arrow hits the gnoll but does no damage.
The gnoll is heavily wounded.
The gnoll throws a throwing net.
The throwing net barely misses you.
Fire: a) +0 shortbow
Press: ? - help, Q - select action, (/) - cycle Shift-Dir - straight line, f/p - gnoll
Aim: a gnoll, wielding a +0 spear (heavily wounded, 69% to hit)
You shoot an arrow.
The arrow hits the gnoll but does no damage.
The gnoll is heavily wounded.
The gnoll closely misses you.
Fire: a) +0 shortbow
Press: ? - help, Q - select action, (/) - cycle Shift-Dir - straight line, f/p - gnoll
Aim: a gnoll, wielding a +0 spear (heavily wounded, 69% to hit)
You shoot an arrow. The arrow barely misses the gnoll.
The gnoll hits you from afar with a +0 spear.
* * * LOW HITPOINT WARNING * * *
Fire: a) +0 shortbow
Press: ? - help, Q - select action, (/) - cycle Shift-Dir - straight line, f/p - gnoll
Aim: a gnoll, wielding a +0 spear (heavily wounded, 69% to hit)
You shoot an arrow. The arrow completely misses the gnoll.
The gnoll barely misses you.
Unknown command.
Fire: a) +0 shortbow
Press: ? - help, Q - select action, (/) - cycle Shift-Dir - straight line, f/p - gnoll
Aim: a gnoll, wielding a +0 spear (heavily wounded, 69% to hit)
You shoot an arrow. The arrow hits the gnoll.
The gnoll is heavily wounded.
The gnoll hits you from afar with a +0 spear.
You die...

#.#.#### #.......#
# ###.##### #. #.#
#.#+## #.#
.#....## #.#
...)...## #.#
........## ##.##
.........####...##
.........'g)@.(..#
.........####...##
#.......## ##.##
#.....## #.#
##...## #.# ##'##
#.# #.# #.##
####.### #..#
.......# ##.#


You could see a gnoll.

Vanquished Creatures
  A gnoll bouda (D:2)
  An adder (D:2)
  2 gnolls (D:2)
  A dart slug (D:2)
  2 endoplasms (D:2)
  3 giant cockroaches
  4 goblins
  5 hobgoblins (D:1)
  5 jackals
  A quokka (D:1)
  A ball python (D:1)
  2 bats
  A frilled lizard (D:1)
  2 kobolds
  4 rats
35 creatures vanquished.

Notes
Turn   | Place    | Note
-------+----------+-------------------------------------------
     0 | D:1      | porpoise the Kobold Hunter began the quest for the Orb.
     0 | D:1      | Reached XP level 1. HP: 12/12 MP: 1/1
   115 | D:1      | Reached XP level 2. HP: 2/18 MP: 2/2
   219 | D:1      | Found a faded altar of an unknown god.
   393 | D:1      | Reached skill level 6 in Ranged Weapons
   397 | D:1      | Reached XP level 3. HP: 21/22 MP: 3/3
   780 | D:2      | Found a snail-covered altar of Cheibriados.
   951 | D:2      | Reached XP level 4. HP: 25/28 MP: 4/4
   968 | D:2      | Reached skill level 7 in Ranged Weapons
   977 | D:2      | Slain by a gnoll

Illustrated notes

Levels and vault maps discovered:
D:1:      wander_arrival_desolate, layout_rooms,
          chequers_ecumenical_altar_island, minmay_tree_intersection
D:2:      layout_loops_corners, basic_altar, dreamdust_wishing_well

Skill      XL: |  1  2  3  4 |
---------------+-------------+-----
Ranged Weapons | 6 7 |  7.1
Fighting       | 3 |  3.4
Dodging        | |  2.4
Stealth        | |  1.3

Action                     |  1- 3 |  4- 6 || total
---------------------------+-------+-------++-------
   Fire: Shortbow          |    79 |    18 ||    97
    Use: Scroll            |     3 |       ||     3
 Armour: Leather armour    |     6 |     1 ||     7
  Dodge: Dodged            |    24 |    18 ||    42

Table legend: (Time is in decaauts)
 A = Elapsed time spent in this place.
 B = Non-inter-level travel time spent in this place.
 C = Inter-level travel time spent in this place.
 D = Time resting spent in this place.
 E = Time spent auto-exploring this place.
 F = Levels seen in this place.
 G = Mean time per level.
                   A        B        C        D        E       F      G
               +--------+--------+--------+--------+--------+-----+--------+
         Total |    999 |    971 |     28 |     66 |    707 |   2 |  499.5 |
       Dungeon |    999 |    971 |     28 |     66 |    707 |   2 |  499.5 |
               +--------+--------+--------+--------+--------+-----+--------+

Top non-repeatable levels by time:
     D:1: 560 daAuts
     D:2: 438 daAuts
